 Dungeon Crawl Stone Soup version 0.28-a0-628-g3c9886e45e (webtiles) character file.

Game seed: 10868749171580688322

3440 mordus the Spear-Bearer (level 10, 0/77 HPs)
             Began as a Hill Orc Monk on Oct 8, 2021.
             Slain by a hornet (4 damage)
             ... on level 7 of the Dungeon.
             The game lasted 00:12:57 (6941 turns).

mordus the Spear-Bearer (Hill Orc Monk)             Turns: 6941, Time: 00:12:57

Health: 0/77       AC: 15    Str: 18    XL:     10   Next: 5%
Magic:  10/10      EV: 13    Int: 10    God:
Gold:   347        SH:  0    Dex: 19    Spells: 9/9 levels left

rFire   . . .      SeeInvis .   t - +5 halberd (distort)
rCold   . . .      Faith    .   (shield currently unavailable)
rNeg    . . .      Spirit   .   u - +0 steam dragon scales
rPois   .          Reflect  .   b - +0 helmet
rElec   .          Harm     .   (no cloak)
rCorr   .          Rampage  .   (no gloves)
Will    .....                   q - +2 pair of boots
Stlth   ++........              (no amulet)
HPRegen 0.22/turn               d - +4 ring of protection
MPRegen 0.12/turn               w - +6 ring of dexterity

@: slowed, very slow
A: no striking features
a: no special abilities


You were on level 7 of the Dungeon.
You visited 1 branch of the dungeon, and saw 7 of its levels.
You also visited: Sewer.

You collected 362 gold pieces.
You spent 15 gold pieces at shops.

Inventory:

Hand Weapons
 i - a +0 trident of freezing
 t - a +5 halberd of distortion (weapon)
Armour
 b - a +0 helmet (worn)
 q - a +2 pair of boots (worn)
 s - a +0 scale mail
 u - +0 steam dragon scales (worn)
Jewellery
 d - a +4 ring of protection (left hand)
 h - a ring of fire
 r - a +6 ring of strength
 w - a +6 ring of dexterity (right hand)
Wands
 p - a wand of flame (25)
 v - a wand of charming (8)
 D - a wand of iceblast (9)
 E - a wand of polymorph (10)
Scrolls
 c - a scroll of fear
 g - a scroll of magic mapping
 j - 2 scrolls of identify
 l - 2 scrolls of teleportation
 o - 2 scrolls of fog
 y - a scroll of enchant weapon
 A - a scroll of blinking
Potions
 a - a potion of flight {unknown}
 e - 2 potions of heal wounds {unknown}
 f - 7 potions of curing
 k - 6 potions of haste {unknown}
 m - 3 potions of brilliance {unknown}
 n - a potion of cancellation {unknown}
 x - a potion of invisibility {unknown}
 z - 2 potions of magic {unknown}
 B - a potion of mutation {unknown}
 C - 2 potions of degeneration {unknown}
 F - a potion of lignification {unknown}


   Skills:
 - Level 3.6 Fighting
 * Level 12.8 Polearms
 + Level 8.7 Armour
 - Level 2.4 Dodging
 - Level 1.5 Stealth


You had 9 spell levels left.
You didn't know any spells.
Your spell library contained the following spells:

 Spells                   Type           Power      Damage    Failure   Level
 Animate Skeleton         Necr           0%         N/A       36%         1
 Apportation              Tloc           0%         N/A       36%         1
 Magic Dart               Conj           0%         1d3       36%         1
 Summon Small Mammal      Summ           0%         N/A       36%         1
 Passwall                 Tmut/Erth      0%         N/A       50%         2
 Searing Ray              Conj           0%         2d4       50%         2
 Swiftness                Air            0%         N/A       75%         3
 Fulminant Prism          Conj/Hex       0%         3d6       98%         4
 Invisibility             Hex            0%         N/A       100%        6


Dungeon Overview and Level Annotations

Branches:
Dungeon (7/15)              Sewer (visited)
 Temple: D:4-7

Altars:

Shops:
D:2 (   D:5 (   D:7 ?


Message History

The hornet closely misses you.
You are too injured to fight recklessly!
You are too injured to fight recklessly!
You completely miss the hornet.
You feel yourself speed up. The hornet stings you.
You feel yourself slow down. The hornet closely misses you.
The hornet barely misses you.
You impale the hornet!!
The hornet is heavily wounded.
The hornet blinks!
You feel yourself speed up.
You barely miss the wight. The wight hits you but does no damage.
You hit the wight.
Space bends around the wight.
The wight is heavily damaged.
The wight misses you.
You hit the wight.
Space bends around the wight.
You destroy the wight!
The hornet stings you!
* * * LOW HITPOINT WARNING * * *
You feel yourself slow down.
You hit the hornet.
Space bends around the hornet.
The hornet is severely wounded.
The hornet stings you but does no damage.
The hornet stings you!
* * * LOW HITPOINT WARNING * * *
You are poisoned.
You suddenly lose the ability to move!
You can move again.
You slash the hornet!
The hornet is almost dead.
* * * LOW HITPOINT WARNING * * *
You feel very sick. The hornet stings you!
* * * LOW HITPOINT WARNING * * *
You feel as though you will be slow longer.
The hornet stings you but does no damage.
You feel better. The hornet stings you.
* * * LOW HITPOINT WARNING * * *
You shrug off the repeated paralysis!
The hornet stings you.
You die...

. ( . .# ### . .# #.. . ###.#
#.# ### + ####... #.# #.##
#.....# ###.### #.. #. #..#
#@....##### #.# #.
#..###y###.....###.##
#<##.##))...J# #.....##...##
#..)...)...#.###.....#∩....#
..>..#..............(........#
..# ##.##.#.###^......#.....##
##.##..# #............... #
#..# #.......#.######
#..##........#.#


You could see a hornet and a jelly.

Vanquished Creatures
  A two-headed ogre (D:5)
  A steam dragon (D:7)
  Menkaure (D:6)
  An orc warrior (D:7)
  4 ice beasts
  A sky beast (D:6)
  2 necrophages
  2 ogres
  A centaur (D:7)
  3 bullfrogs
  A wyvern zombie (D:4)
  A scorpion (D:5)
  A water moccasin zombie (D:5)
  A water moccasin skeleton (D:3)
  2 howler monkeys
  5 wights (D:7)
  A hound (D:4)
  4 jellies
  A centaur zombie (D:6)
  A bullfrog skeleton (D:6)
  An iguana (D:7)
  4 orc wizards
  A hound zombie (D:5)
  2 howler monkey zombies
  Robin (D:1)
  11 adders
  2 river rats (Sewer)
  2 shadow imps
  4 worms
  3 dart slugs
  11 orcs
  5 endoplasms
  6 giant cockroaches
  9 goblins
  12 hobgoblins
  3 jackals (D:5)
  2 quokkas
  16 ball pythons
  3 bats (D:2)
  4 frilled lizards
  11 kobolds
  26 rats
174 creatures vanquished.

Notes
Turn   | Place    | Note
-------+----------+-------------------------------------------
     0 | D:1      | mordus the Hill Orc Monk began the quest for the Orb.
     0 | D:1      | Reached XP level 1. HP: 19/19 MP: 1/1
    66 | D:1      | Found a faded altar of an unknown god.
   373 | D:1      | Reached XP level 2. HP: 26/26 MP: 2/2
   563 | D:1      | Reached skill level 1 in Armour
   912 | D:2      | Reached skill level 4 in Polearms
   961 | D:2      | Found Ofriseil's Antique Weapon Boutique.
   970 | D:2      | Noticed Robin
   995 | D:2      | Reached XP level 3. HP: 24/31 MP: 3/3
  1210 | D:1      | Killed Robin
  1589 | D:2      | Reached XP level 4. HP: 36/39 MP: 4/4
  2252 | D:3      | Reached skill level 5 in Polearms
  2421 | D:3      | Reached XP level 5. HP: 28/45 MP: 5/5
  3025 | D:4      | Identified a scroll of acquirement
  3025 | D:4      | Acquired a +3 halberd of distortion
  3298 | D:4      | Reached skill level 6 in Polearms
  3298 | D:4      | Reached XP level 6. HP: 13/51 MP: 6/6
  3426 | D:4      | Found a glowing drain.
  3430 | Sewer    | Entered a sewer
  4063 | Sewer    | Reached skill level 7 in Polearms
  4066 | Sewer    | Reached XP level 7. HP: 29/57 MP: 7/7
  4646 | D:5      | Entered Level 5 of the Dungeon
  4734 | D:5      | Reached skill level 8 in Polearms
  4851 | D:5      | Reached skill level 5 in Armour
  5048 | D:5      | Reached XP level 8. HP: 64/64 MP: 8/8
  5241 | D:5      | Found Fozy's Weapon Emporium.
  5348 | D:5      | Reached skill level 9 in Polearms
  5370 | D:5      | Noticed a two-headed ogre
  5379 | D:5      | Killed a two-headed ogre
  5380 | D:5      | Reached skill level 10 in Polearms
  5380 | D:5      | Reached XP level 9. HP: 63/70 MP: 9/9
  5678 | D:6      | Reached skill level 11 in Polearms
  5790 | D:6      | Noticed Menkaure
  5804 | D:6      | Killed Menkaure
  6543 | D:7      | Reached skill level 12 in Polearms
  6886 | D:7      | Found Zelag's Magic Scroll Shop.
  6895 | D:7      | Bought a scroll of noise for 15 gold pieces
  6914 | D:7      | Reached XP level 10. HP: 77/77 MP: 10/10
  6939 | D:7      | Paralysed by a hornet for 1 turns
  6940 | D:7      | HP: 2/77 [hornet (9)]
  6941 | D:7      | Slain by a hornet

Illustrated notes

Levels and vault maps discovered:
D:1:      amcnicky_arrival_double_pillar, layout_loops_ring,
          ebering_ecumenical_altar_petrified
D:2:      layout_loops_ring, serial_shops, shop, uniq_robin
D:3:      kennysheep_big_flooded_room, layout_basic
D:4:      layout_rooms, gup_sewer_entry_bowl, minmay_box_of_dots
D:5:      layout_loops_ring, serial_shops, nicolae_shop_trees, solitary_fountain
D:6:      layout_basic, uniq_menkaure
D:7:      layout_loops_ring, minmay_temple_entry_fiery, serial_shops, shop,
          kennysheep_generic_room_7

Skill      XL: |  1  2  3  4  5  6  7  8  9 |
---------------+----------------------------+-----
Armour         | 1 2 3 4 5 6 8 |  8.7
Polearms       | 4 5 6 7 8 10 12 | 12.8
Fighting       | |  3.6
Dodging        | |  2.4
Stealth        | |  1.5

Action                   |  1- 3 |  4- 6 |  7- 9 | 10-12 || total
-------------------------+-------+-------+-------+-------++-------
Melee: Spear             |    36 |       |       |       ||    36
       Trident           |    77 |   124 |       |       ||   201
       Halberd           |       |    95 |   180 |    15 ||   290
  Use: Scroll            |       |     5 |    11 |       ||    16
       Potion            |       |       |       |     1 ||     1
 Stab: Sleeping          |     4 |     4 |       |       ||     8
Armor: Leather armour    |    34 |    54 |       |       ||    88
       Scale mail        |       |    56 |    58 |       ||   114
       Steam dragon scal |       |       |     7 |     8 ||    15
Dodge: Dodged            |    64 |   142 |    49 |     9 ||   264

Table legend: (Time is in decaauts)
 A = Elapsed time spent in this place.
 B = Non-inter-level travel time spent in this place.
 C = Inter-level travel time spent in this place.
 D = Time resting spent in this place.
 E = Time spent auto-exploring this place.
 F = Levels seen in this place.
 G = Mean time per level.
                   A        B        C        D        E       F      G
               +--------+--------+--------+--------+--------+-----+--------+
         Total |   7038 |   6938 |    100 |   1435 |   3996 |   8 |  879.8 |
       Dungeon |   6140 |   6040 |    100 |   1031 |   3798 |   7 |  877.1 |
         Sewer |    897 |    897 |      0 |    404 |    197 |   1 |  897.0 |
               +--------+--------+--------+--------+--------+-----+--------+

Top non-repeatable levels by time:
     D:1: 1223 daAuts
     D:3: 992 daAuts
     D:4: 931 daAuts
     D:5: 921 daAuts
   Sewer: 897 daAuts
     D:6: 847 daAuts
     D:2: 697 daAuts
     D:7: 527 daAuts
